 Dungeon Crawl Stone Soup version 0.25.0-11-g1f837a76a1 (console) character file.

Game seed: 16048753712990684473

2313 bli the Insei (level 9, -4/72 HPs)
             Began as a Red Draconian Transmuter on June 27, 2020.
             Was a Follower of Wu Jian.
             Slain by a killer bee (5 damage)
             ... on level 7 of the Dungeon.
             The game lasted 00:27:34 (8129 turns).

bli the Insei (Red Draconian Transmuter)            Turns: 8129, Time: 00:27:35

Health: -4/72      AC: 10    Str: 18    XL:     9   Next: 18%
Magic:  24/26      EV: 14    Int: 15    God:    Wu Jian [*.....]
Gold:   288        SH:  5    Dex: 14    Spells: 12/18 levels left

rFire    + . .     SeeInvis .     - Unarmed
rCold    . . .     Gourm    .   (no shield)
rNeg     . . .     Faith    .   (armour unavailable)
rPois    .         Spirit   .   (helmet restricted)
rElec    .         Reflect  +   g - +0 cloak
rCorr    .         Harm     .   t - +0 pair of gloves
MR       .....                  r - +0 pair of boots
Stlth    ++........             B - amulet of reflection
HPRegen  0.22/turn              s - +6 ring of strength
MPRegen  0.20/turn              D - ring of magical power

@: lethally poisoned (-4 -> -6), short of breath
A: breathe fire, unfitting armour, fire resistance 1, cold-blooded, AC +7
a: Breathe Fire, Renounce Religion


You were on level 7 of the Dungeon.
You worshipped Wu Jian.
Wu Jian was aware of your devotion.
You were not hungry.

You visited 2 branches of the dungeon, and saw 8 of its levels.

You collected 288 gold pieces.

Inventory:

Hand Weapons
 A - a +0 morningstar
Missiles
 a - 69 arrows
 b - 255 stones (quivered)
 u - 13 boomerangs
 y - a throwing net
 z - 3 silver boomerangs
Armour
 g - a +0 cloak (worn)
 r - a +0 pair of boots (worn)
 t - a +0 pair of gloves (worn)
Jewellery
 s - a +6 ring of strength (left hand)
 B - an amulet of reflection (around neck)
 C - an uncursed ring of teleportation
 D - a ring of magical power (right hand)
Wands
 w - a wand of iceblast (9)
 F - a wand of paralysis (8)
Scrolls
 e - a scroll of random uselessness
 h - 2 scrolls of magic mapping {unknown}
 j - 4 scrolls of teleportation
 l - a scroll of amnesia {unknown}
 m - 2 scrolls of enchant armour {unknown}
 n - 4 scrolls of remove curse
 p - 3 scrolls of identify {unknown}
 q - 3 scrolls of fog {unknown}
Potions
 d - 2 potions of might {unknown}
 f - a potion of brilliance {unknown}
 i - 2 potions of curing
 k - a potion of degeneration {unknown}
 o - a potion of cancellation {unknown}
 v - 2 potions of berserk rage {unknown}
 E - a potion of flight {unknown}
Comestibles
 c - 11 rations
 x - 2 chunks of flesh


   Skills:
 * Level 4.5 Fighting
 + Level 4.3 Dodging
 + Level 1.6 Stealth
 + Level 7.8 Unarmed Combat
 + Level 5.4 Spellcasting
 + Level 5.1 Transmutations
 - Level 2.0 Poison Magic


You had 12 spell levels left.
You knew the following spells:

 Your Spells              Type           Power        Failure   Level  Hunger
a - Beastly Appendage     Tmut           ###...       1%          1    None
b - Sticks to Snakes      Tmut           ###.....     3%          2    #......
c - Spider Form           Tmut/Pois      ##........   11%         3    ###....

Your spell library contained the following spells:

 Spells                   Type           Power        Failure   Level  Hunger
 Confusing Touch          Hex            #.......     43%         3    ###....
 Gell's Gravitas          Tloc           #.........   43%         3    ###....
 Ice Form                 Ice/Tmut       ##......     47%         4    ####...
 Petrify                  Tmut/Erth      ##......     47%         4    ####...
 Blade Hands              Tmut           ###.......   47%         5    ######.
 Yara's Violent Unravell  Hex/Tmut       ##........   83%         5    ######.
 Metabolic Englaciation   Hex/Ice        #.........   99%         5    ######.


Dungeon Overview and Level Annotations

Branches:
Dungeon (7/15)             Temple (1/1) D:5

Altars:
Elyvilon
Fedhas
Gozag
Makhleb
Nemelex Xobeh
Okawaru
Ru
Sif Muna
Trog
Vehumet
Wu Jian
Xom
Yredelemnul
Zin

Shops:
D:4 [   D:5 (


Innate Abilities, Weirdness & Mutations

You can breathe blasts of fire.
Your fiery red scales are hard. (AC +7)
You cannot fit into any form of body armour.
Your flesh is heat resistant. (rF+)
You are cold-blooded and may be slowed by cold attacks.


Message History

The killer bee barely misses you.
The killer bee stings you but does no damage.
You feel sick.
Your ball python bites the killer bee.
Your ball python constricts the killer bee.
The killer bee struggles to escape constriction.
The killer bee stings you but does no damage.
The killer bee struggles to escape constriction.
Your ball python completely misses the killer bee.
Your ball python constricts the killer bee.
You punch the killer bee! You tail-slap the killer bee.
The killer bee is severely wounded.
The killer bee stings you but does no damage.
The killer bee escapes!
The killer bee stings you.
* * * LOW HITPOINT WARNING * * *
You barely miss the killer bee.
The killer bee is moderately wounded.
You feel sick. The killer bee stings you.
* * * LOW HITPOINT WARNING * * *
The killer bee barely misses you. The killer bee stings you.
You die...

....#####.####$.#
#...#####+####..#
#...#.......##..#
....#.......+...#
....#.......#...#
............#...#
####........#.†.#
####..#######...# ###
......########S.# #.#
...........# #.y#####.#######
...........###.y@...........#
...........#..........#####.#
)..........#....#####.......#
)....##..###........#######.#
.....###.###........# #.#
.....# #..##........# #.#
.....####.###......÷# ###
.##....##.###.......#
..+....'...##.......#
.##....#.#.##.......#
.##....#.#..#.......#


You could see 2 killer bees and a friendly ball python.

Vanquished Creatures
  An ice beast (D:5)
  A sky beast (D:6)
  2 orc warriors
  2 phantoms
  2 ogres (D:5)
  4 bullfrogs
  3 scorpions
  2 killer bees (D:7)
  A howler monkey (D:5)
  A crimson imp (D:7)
  2 bullfrog skeletons
  A hound (D:7)
  3 orc priests
  An iguana (D:3)
  5 orc wizards
  5 worker ants
  2 hound zombies (D:7)
  A hound skeleton (D:7)
  A worker ant zombie (D:7)
  4 gnolls (D:6)
  9 adders
  A shadow imp (D:6)
  2 oozes
  An adder skeleton (D:5)
  6 worms
  3 dart slugs
  6 leopard geckos
  20 orcs
  6 giant cockroaches
  11 goblins
  7 hobgoblins
  12 jackals
  13 kobolds
  8 quokkas
  7 bats
  4 frilled lizards
  8 rats
168 creatures vanquished.

Vanquished Creatures (collateral kills)
  Eustachio (D:5)
  A hungry ghost (D:7)
  An orc priest (D:6)
  A worker ant (D:6)
  3 orcs
  A giant cockroach (D:7)
8 creatures vanquished.

Grand Total: 176 creatures vanquished

Notes
Turn   | Place    | Note
-------+----------+-------------------------------------------
     0 | D:1      | bli the Draconian Transmuter began the quest for the Orb.
     0 | D:1      | Reached XP level 1. HP: 16/16 MP: 3/3
   257 | D:1      | Reached XP level 2. HP: 23/23 MP: 5/5
   672 | D:1      | Reached skill level 4 in Unarmed Combat
   760 | D:1      | You fall into a shaft and drop 1 floor!
   772 | D:2      | Reached XP level 3. HP: 21/28 MP: 4/6
   902 | D:2      | Learned a level 2 spell: Sticks to Snakes
  1341 | D:2      | Reached XP level 4. HP: 15/35 MP: 3/7
  2653 | D:3      | Reached skill level 5 in Unarmed Combat
  2969 | D:3      | Reached XP level 5. HP: 40/40 MP: 8/8
  3079 | D:3      | Found a glowing silver altar of Zin.
  3165 | D:3      | Found a blossoming altar of Fedhas.
  3193 | D:3      | Found a white marble altar of Elyvilon.
  3198 | D:3      | Found a shimmering blue altar of Sif Muna.
  3297 | D:3      | Found a sparkling altar of Nemelex Xobeh.
  3529 | D:4      | Noticed a phantom
  3553 | D:4      | Killed a phantom
  3569 | D:4      | Reached XP level 6. HP: 32/48 MP: 0/9
  4233 | D:4      | Found Xaonn's Armour Boutique.
  4373 | D:5      | Entered Level 5 of the Dungeon
  4611 | D:5      | Noticed an ice beast
  4665 | D:5      | Killed an ice beast
  4775 | D:5      | Reached skill level 6 in Unarmed Combat
  4775 | D:5      | Your scales start taking on a fiery red colour.
  4775 | D:5      | Reached XP level 7. HP: 25/57 MP: 5/11
  4775 | D:5      | Gained mutation: Your flesh is heat resistant. (rF+) [Red
                  | Draconian growth]
  4986 | D:5      | Noticed Eustachio
  5012 | D:5      | Found a staircase to the Ecumenical Temple.
  5215 | D:5      | Killed Eustachio
  5294 | D:5      | Learned a level 3 spell: Spider Form
  5523 | D:5      | Found Weqir's Antique Weapon Shop.
  5564 | D:5      | Found a bloodstained altar of Trog.
  5565 | D:5      | Found a shimmering altar of Xom.
  5578 | Temple   | Entered the Ecumenical Temple
  5587 | Temple   | Became a worshipper of the Wu Jian Council
  5802 | D:6      | Reached XP level 8. HP: 19/63 MP: 11/14
  6487 | D:6      | Reached skill level 1 in Poison Magic
  6635 | D:6      | Reached skill level 1 in Stealth
  6795 | D:6      | Reached skill level 7 in Unarmed Combat
  7023 | D:6      | Found a sacrificial altar of Ru.
  7134 | D:6      | Reached * piety under Wu Jian
  7198 | D:6      | Found a sparkling altar of Nemelex Xobeh.
  7285 | D:7      | Reached skill level 5 in Spellcasting
  7664 | D:7      | Reached XP level 9. HP: 71/71 MP: 16/16
  7854 | D:7      | Reached skill level 5 in Transmutations
  8129 | D:7      | HP: 1/72 [killer bee (3)]
  8129 | D:7      | Slain by a killer bee

Illustrated notes

Levels and vault maps discovered:
D:1:      minmay_arrival_four_loops, layout_basic, grunt_decor_mini_mirrors
D:2:      layout_rooms, first_ration
D:3:      layout_loops_ring, zin_scriptorium, minitemple,
          nemelex_xobeh_ov_fountains_minmay
D:4:      layout_loops_ring, serial_shops, nicolae_shop_behind_doors
D:5:      layout_cave_pools, nicolae_overflow_hidden_temple,
          minmay_temple_entry_water_ring, serial_shops, kennysheep_little_box,
          uniq_eustachio
D:6:      layout_basic, marbit_many_paths, nemelex_spade_bored_becter
D:7:      layout_basic
Temple:   dshaligram_water_room_temple

Skill      XL: |  1  2  3  4  5  6  7  8  9 |
---------------+----------------------------+-----
Dodging        | 2 3 4 |  4.3
Unarmed Combat | 4 5 6 7 |  7.8
Fighting       | 2 3 4 |  4.5
Spellcasting   | 3 4 5 |  5.4
Transmutations | 3 4 5 |  5.1
Poison Magic   | 2 |  2.0
Stealth        | 1 |  1.6

Action                   |  1- 3 |  4- 6 |  7- 9 || total
-------------------------+-------+-------+-------++-------
Melee: Unarmed           |   133 |   230 |   323 ||   686
       Tailslap          |    17 |    33 |    47 ||    97
       Headbutt          |     8 |    29 |    41 ||    78
       Kick              |    12 |     1 |       ||    13
       Punch             |       |     4 |     8 ||    12
Throw: Stone             |       |     3 |    10 ||    13
 Cast: Beastly Appendage |    15 |    33 |    30 ||    78
       Sticks to Snakes  |     1 |    11 |    31 ||    43
Invok: Lunge             |       |       |    26 ||    26
       Whirlwind         |       |       |     3 ||     3
 Abil: Breathe Fire      |       |       |     2 ||     2
  Use: Potion            |       |       |     2 ||     2
       Scroll            |       |       |     3 ||     3
 Stab: Sleeping          |       |     2 |     1 ||     3
       Distracted        |       |       |     2 ||     2
  Eat: Chunk             |     2 |    12 |    10 ||    24
       Ration            |       |       |     1 ||     1
Armor: Skin              |    39 |    53 |    93 ||   185
Dodge: Dodged            |    75 |   114 |   185 ||   374
Block: Other             |       |       |    33 ||    33
